 Dungeon Crawl Stone Soup version 0.25-a0-578-gc91f01c39c (webtiles) character file.

Game seed: 1792695056712859430, levelgen mode: deterministic

22 Amnesiac the Chucker (level 2, 22/31 HPs)
             Began as an Ogre Hunter on Mar 7, 2020.
             Quit the game on level 1 of the Dungeon.
             The game lasted 00:01:08 (728 turns).

Amnesiac the Chucker (Ogre Hunter)                   Turns: 728, Time: 00:01:08

Health: 22/31      AC:  3    Str: 15    XL:     2   Next: 91%
Magic:  2/2        EV: 10    Int: 12    God:
Gold:   36         SH:  0    Dex:  9    Spells: 1/1 levels left

rFire    . . .     SeeInvis .   a - +0 short sword
rCold    . . .     Gourm    .   (no shield)
rNeg     . . .     Faith    .   b - +0 robe
rPois    .         Spirit   .   (helmet restricted)
rElec    .         Reflect  .   (no cloak)
rCorr    .         Harm     .   (gloves unavailable)
MR       .....                  (boots unavailable)
Stlth    +.........             (no amulet)
HPRegen  0.10/turn              (no ring)
MPRegen  0.08/turn              (no ring)

@: no status effects
A: large, unfitting armour, tough skin 1
a: no special abilities


You were on level 1 of the Dungeon.
You were not hungry.

You visited 1 branch of the dungeon, and saw 1 of its levels.

You collected 36 gold pieces.

Inventory:

Hand Weapons
 a - a +0 short sword (weapon)
Missiles
 c - 5 large rocks (quivered)
 d - 2 throwing nets
 k - 4 stones
Armour
 b - a +0 robe (worn)
Scrolls
 e - a scroll of blinking {!r, unknown}
 h - a scroll of teleportation {!r, unknown}
 i - a scroll of identify {!r, unknown}
 j - a scroll of random uselessness {!r, unknown}
Comestibles
 f - a ration
 g - 5 chunks of flesh


   Skills:
 + Level 3.3 Fighting
 * Level 4.6 Throwing
 - Level 1.7 Dodging
 - Level 0.6 Stealth


You had one spell level left.
You didn't know any spells.
Your spell library was empty.

Dungeon Overview and Level Annotations

Branches:
Dungeon (1/15)

Altars:


Innate Abilities, Weirdness & Mutations

You are too large for most types of armour.
You have tough skin. (AC +1)


Message History

Found a short sword.
A hobgoblin is nearby!
The hobgoblin hits you with a +0 club.
A hobgoblin is nearby!
You closely miss the hobgoblin.
The hobgoblin hits you but does no damage.
You closely miss the hobgoblin. The hobgoblin barely misses you.
You closely miss the hobgoblin. The hobgoblin hits you with a +0 club.
You hit the hobgoblin.
The hobgoblin is severely wounded.
The hobgoblin barely misses you.
You hit the hobgoblin.
The hobgoblin is almost dead.
The hobgoblin hits you with a +0 club.
You hit the hobgoblin but do no damage.
The hobgoblin is almost dead.
The hobgoblin hits you but does no damage.
A hobgoblin is nearby!
You hit the hobgoblin but do no damage.
The hobgoblin is almost dead.
The hobgoblin hits you but does no damage.
A hobgoblin is nearby!
You hit the hobgoblin.
You kill the hobgoblin!
Things that are here:
a +0 club; a hobgoblin corpse No target in view!
You butcher the hobgoblin corpse.
g - 7 chunks of flesh (gained 4)
Things that are here:
a +0 club; a hobgoblin skeleton
Things that are here:
a +0 club; a hobgoblin skeleton A kobold comes into view.
It is wielding a +0 dagger.
The kobold shouts!
A kobold is nearby!
A kobold is nearby!
A kobold is nearby!
The kobold hits you with a +0 dagger.
You hit the kobold but do no damage. The kobold hits you but does no damage.
You miss the kobold. The kobold barely misses you.
The kobold hits you with a +0 dagger.
You barely miss the kobold. The kobold hits you with a +0 dagger.
You barely miss the kobold. The kobold hits you with a +0 dagger.
You closely miss the kobold. The kobold hits you but does no damage.
You closely miss the kobold. The kobold hits you but does no damage.
You hit the kobold.
You kill the kobold!
No target in view!
No target in view!
Things that are here:
a +0 dagger; a kobold corpse No target in view!
Some of the chunks of flesh in your inventory have rotted away.
You open the door.
There is an open door here.
You open the door.
There is an open door here.
A bat comes into view.
Found 8 arrows.
A bat is nearby!
Quiver which item? (- for none, * to show all) (? for menu, Esc to quit)
Okay, then.
Are you sure you want to abandon this character and quit the game? (Confirm with "yes".)

##.# ##.# #. ##'## .
#...## .## .....## ###
..# ......## ##.###.#
.......####...##.#######
.......'..............(.
.......####...##@######
.รท....## ##.###b#
.....## ### #.# #...##
#.# ##'## ..# #.# ###
##.# ...## #...##


You could see a bat.

Vanquished Creatures
  2 dart slugs (D:1)
  2 bats (D:1)
  4 giant cockroaches (D:1)
  2 goblins (D:1)
  A hobgoblin (D:1)
  4 kobolds (D:1)
  3 rats (D:1)
18 creatures vanquished.

Notes
Turn   | Place    | Note
-------+----------+-------------------------------------------
     0 | D:1      | Amnesiac the Ogre Hunter began the quest for the Orb.
     0 | D:1      | Reached XP level 1. HP: 22/22 MP: 1/1
   233 | D:1      | Reached XP level 2. HP: 21/31 MP: 2/2
   728 | D:1      | Quit the game

Levels and vault maps discovered:
D:1:      ncdulo_wetmaze, layout_loops_corners, minmay_misc_feat_roman

Skill      XL: |  1 |
---------------+----+-----
Fighting       | 3 |  3.3
Throwing       | |  4.6
Dodging        | |  1.7
Stealth        | |  0.6

Action                   || total
-------------------------++-------
Melee: Short sword       ||    83
 Stab: Sleeping          ||     1
Armor: Robe              ||    36
Dodge: Dodged            ||    48

Table legend:
 A = Non-vault XP
 B = Vault XP
 C = Vault XP percentage of total XP
 D = Non-vault monster count
 E = Vault monster count
 F = Vault count percentage of total count
                 A         B        C        D         E       F
            +---------+---------+-------+---------+---------+-------
      Total |      32 |       0 |   0.0 |      18 |       0 |   0.0
            +---------+---------+-------+---------+---------+-------
        D:1 |      32 |       0 |   0.0 |      18 |       0 |   0.0
            +---------+---------+-------+---------+---------+-------
